 Dungeon Crawl Stone Soup version 0.21-a0-584-g185da8e (webtiles) character file.

220 sithsevirus the Charmwright (level 5, -19/43 HPs)
             Began as a Gnoll Skald on Dec 20, 2017.
             Demolished by a two-headed ogre
             ... wielding a +0 giant spiked club
              (33 damage)
             ... on level 4 of the Dungeon.
             The game lasted 00:11:23 (2598 turns).

sithsevirus the Charmwright (Gnoll Skald)           Turns: 2598, Time: 00:11:24

Health: -19/43     AC:  4    Str: 15    XL:     5   Next: 97%
Magic:  12/12      EV: 14    Int: 15    God:
Gold:   129        SH:  0    Dex: 14    Spells: 3/14 levels left

rFire    . . .     SeeInvis .   a - +0 spear
rCold    . . .     Gourm    .   (no shield)
rNeg     . . .     Faith    .   f - +1 leather armour {rPois}
rPois    +         Spirit   .   (no helmet)
rElec    .         Reflect  .   (no cloak)
rCorr    .         Harm     .   (no gloves)
MR       .....                  (no boots)
Stlth    ++........             (no amulet)
HPRegen  0.14/turn              (no ring)
MPRegen  0.13/turn              (no ring)

@: no status effects
A: distributed training, fangs 1, strong nose
a: no special abilities


You were on level 4 of the Dungeon.
You were not hungry.

You visited 1 branch of the dungeon, and saw 4 of its levels.

You collected 129 gold pieces.

Inventory:

Hand Weapons
 a - a +0 spear (weapon)
 b - a +0 hunting sling
Missiles
 e - 77 stones
 g - 7 tomahawks (quivered)
 h - 2 curare-tipped needles
 n - 22 sling bullets
Armour
 f - a +1 leather armour of poison resistance (worn)
Jewellery
 c - an uncursed ring of stealth
Scrolls
 k - 2 scrolls of remove curse
 m - a scroll of blinking {unknown}
 o - a scroll of teleportation {unknown}
Potions
 i - a potion of heal wounds {unknown}
 j - a potion of curing
Comestibles
 d - 8 rations
 l - a chunk of flesh


   Skills:
 + Level 4.8 Fighting
 + Level 1.6 Short Blades
 + Level 1.6 Long Blades
 + Level 1.6 Axes
 + Level 1.6 Maces & Flails
 + Level 4.8 Polearms
 + Level 1.6 Staves
 + Level 1.6 Slings
 + Level 1.6 Bows
 + Level 1.6 Crossbows
 + Level 1.6 Throwing
 + Level 3.1 Armour
 + Level 4.8 Dodging
 + Level 1.6 Stealth
 + Level 1.6 Shields
 + Level 1.6 Unarmed Combat
 + Level 5.2 Spellcasting
 + Level 1.3 Conjurations
 + Level 1.3 Hexes
 + Level 5.6 Charms
 + Level 1.3 Summonings
 + Level 1.3 Necromancy
 + Level 1.3 Translocations
 + Level 1.3 Transmutations
 + Level 1.3 Fire Magic
 + Level 1.3 Ice Magic
 + Level 1.3 Air Magic
 + Level 1.3 Earth Magic
 + Level 1.3 Poison Magic
 + Level 1.9 Invocations
 + Level 1.6 Evocations


You had 3 spell levels left.
You knew the following spells:

 Your Spells              Type           Power        Failure   Level  Hunger
a - Song of Slaying       Chrm           ###.....     3%          2    ##.....
b - Infusion              Chrm           ###.         1%          1    None
c - Shroud of Golubria    Chrm/Tloc      ##........   7%          2    ##.....
d - Regeneration          Chrm/Necr      ##........   14%         3    ###....
e - Spectral Weapon       Hex/Chrm       ##......     14%         3    ###....


Dungeon Overview and Level Annotations

Branches:
Dungeon (4/15)
 Temple: D:4-7

Altars:
Cheibriados
Hepliaklqana


Innate Abilities, Weirdness & Mutations

Your experience applies equally to all skills.
You have very sharp teeth.
Your uncanny sense of smell can sniff out nearby items.


Message History

You see here a hound skeleton.
o - a scroll labeled TYCIAB JO UKUJ
There is an escape hatch in the ceiling here.
You start resting.
Magic restored.
Found a stone staircase leading down.
Your magical infusion is running out.
Found a ration.
A two-headed ogre comes into view.
It is wielding a giant spiked club and a giant club.
The two-headed ogre shouts in stereo!
The two-headed ogre hits you with a giant spiked club.
The two-headed ogre hits you with a giant club!
The two-headed ogre closely misses you.
The two-headed ogre hits you with a giant club!
Okay, then.
Okay, then.
You are no longer magically infusing your attacks.
The two-headed ogre hits you with a giant spiked club!!
Ouch! That really hurt!
You die...

#.......# #.......#
#.......# #... ...#
... ...######
########.# #.......#
#....<.#.###.......#
#......#>O.........+
#......#@###..%....#
#...รท..#.#
#.......# #......#.#
#.......# #......#.#
######### #........#
#......### #......#
#......# #......#


You could see a two-headed ogre.

Vanquished Creatures
  A scorpion (D:2)
  A hound (D:4)
  An orc priest (D:3)
  3 adders (D:3)
  A gnoll (D:1)
  2 worms
  2 dart slugs
  A leopard gecko (D:1)
  9 orcs
  4 bats
  A giant cockroach (D:3)
  8 goblins
  4 hobgoblins
  2 jackals (D:3)
  4 kobolds
  A quokka (D:3)
  A ball python (D:2)
  3 frilled lizards (D:2)
  4 rats
53 creatures vanquished.

Notes
Turn   | Place    | Note
-------+----------+-------------------------------------------
     0 | D:1      | sithsevirus the Gnoll Skald began the quest for the Orb.
     0 | D:1      | Reached XP level 1. HP: 20/20 MP: 6/6
   100 | D:1      | Reached XP level 2. HP: 10/26 MP: 7/7
   435 | D:1      | Reached XP level 3. HP: 31/31 MP: 9/9
   921 | D:2      | Reached skill level 5 in Spellcasting
   922 | D:2      | Found a snail-covered altar of Cheibriados.
  1112 | D:2      | Noticed a scorpion
  1132 | D:2      | Killed a scorpion
  1132 | D:2      | Reached skill level 1 in Short Blades
  1132 | D:2      | Reached skill level 1 in Long Blades
  1132 | D:2      | Reached skill level 1 in Axes
  1132 | D:2      | Reached skill level 1 in Maces & Flails
  1132 | D:2      | Reached skill level 1 in Staves
  1132 | D:2      | Reached skill level 1 in Slings
  1132 | D:2      | Reached skill level 1 in Bows
  1132 | D:2      | Reached skill level 1 in Crossbows
  1132 | D:2      | Reached skill level 1 in Throwing
  1132 | D:2      | Reached skill level 1 in Stealth
  1132 | D:2      | Reached skill level 1 in Shields
  1132 | D:2      | Reached skill level 1 in Unarmed Combat
  1132 | D:2      | Reached skill level 1 in Invocations
  1132 | D:2      | Reached skill level 1 in Evocations
  1132 | D:2      | Reached XP level 4. HP: 29/38 MP: 7/11
  1219 | D:2      | Learned a level 2 spell: Song of Slaying
  1222 | D:2      | Learned a level 2 spell: Shroud of Golubria
  1226 | D:2      | Learned a level 3 spell: Regeneration
  1230 | D:2      | Learned a level 3 spell: Spectral Weapon
  1338 | D:2      | Reached skill level 1 in Conjurations
  1338 | D:2      | Reached skill level 1 in Hexes
  1338 | D:2      | Reached skill level 1 in Summonings
  1338 | D:2      | Reached skill level 1 in Necromancy
  1338 | D:2      | Reached skill level 1 in Translocations
  1338 | D:2      | Reached skill level 1 in Transmutations
  1338 | D:2      | Reached skill level 1 in Fire Magic
  1338 | D:2      | Reached skill level 1 in Ice Magic
  1338 | D:2      | Reached skill level 1 in Air Magic
  1338 | D:2      | Reached skill level 1 in Earth Magic
  1338 | D:2      | Reached skill level 1 in Poison Magic
  1639 | D:3      | Reached XP level 5. HP: 40/43 MP: 9/12
  1687 | D:3      | Found a hazy altar of Hepliaklqana.
  1727 | D:3      | HP: 2/43 [orc/flail (7)]
  2592 | D:4      | Noticed a two-headed ogre
  2598 | D:4      | Demolished by a two-headed ogre

Vault maps used:
D:1:      giann_horns, minmay_small_reverse_x
D:2:      kennysheep_slug_shrine
D:3:      old_standard_altar
D:4:      first_ration

Skill      XL: |  1  2  3  4  5 |
---------------+----------------+-----
Spellcasting   | 5 |  5.2
Short Blades   | 1 |  1.6
Long Blades    | 1 |  1.6
Axes           | 1 |  1.6
Maces & Flails | 1 |  1.6
Staves         | 1 |  1.6
Slings         | 1 |  1.6
Bows           | 1 |  1.6
Crossbows      | 1 |  1.6
Throwing       | 1 |  1.6
Stealth        | 1 |  1.6
Shields        | 1 |  1.6
Unarmed Combat | 1 |  1.6
Invocations    | 1 |  1.9
Evocations     | 1 |  1.6
Conjurations   | 1 |  1.3
Hexes          | 1 |  1.3
Summonings     | 1 |  1.3
Necromancy     | 1 |  1.3
Translocations | 1 |  1.3
Transmutations | 1 |  1.3
Fire Magic     | 1 |  1.3
Ice Magic      | 1 |  1.3
Air Magic      | 1 |  1.3
Earth Magic    | 1 |  1.3
Poison Magic   | 1 |  1.3
Armour         | 3 |  3.1
Fighting       | |  4.8
Polearms       | |  4.8
Dodging        | |  4.8
Charms         | |  5.6

Action                   |  1- 3 |  4- 6 || total
-------------------------+-------+-------++-------
Melee: Spear             |    86 |    96 ||   182
       Bite              |    13 |     5 ||    18
Throw: Tomahawk          |     5 |       ||     5
 Cast: Infusion          |     3 |     7 ||    10
       Song of Slaying   |       |     1 ||     1
  Use: Scroll            |     1 |     1 ||     2
       Potion            |       |     3 ||     3
 Stab: Sleeping          |     2 |     2 ||     4
  Eat: Chunk             |     1 |     4 ||     5
Armor: Leather armour    |     6 |    10 ||    16
Dodge: Dodged            |    40 |    52 ||    92

Table legend:
 A = Spawn XP
 B = Non-spawn XP
 C = Spawn XP percentage of total XP
 D = Spawn monster count
 E = Non-spawn monster count
 F = Spawn count percentage of total count
 G = Total turns spent on level
                    A         B        C        D         E        F      G
               +---------+---------+-------+---------+---------+-------+---------
         Total |       0 |     315 |   0.0 |       0 |      53 |   0.0 |  2598
               +---------+---------+-------+---------+---------+-------+---------
           D:1 |       0 |      37 |   0.0 |       0 |      13 |   0.0 |   919
           D:2 |       0 |     101 |   0.0 |       0 |      15 |   0.0 |   788
           D:3 |       0 |     134 |   0.0 |       0 |      24 |   0.0 |   795
           D:4 |       0 |      43 |   0.0 |       0 |       1 |   0.0 |    96
               +---------+---------+-------+---------+---------+-------+---------
